 Dungeon Crawl Stone Soup version 0.26.0-45-g9c1d065592 (webtiles) character file.

Game seed: 1530300296051898258

57 littlecub the Chopper (level 3, -5/42 HPs)
             Began as a Demonspawn Gladiator on Jan 27, 2021.
             Killed by nerve-wracking pain
             ... invoked by Jessica
              (6 damage)
             ... on level 2 of the Dungeon.
             The game lasted 00:02:26 (1182 turns).

littlecub the Chopper (Demonspawn Gladiator)        Turns: 1182, Time: 00:02:26

Health: -5/42      AC:  9    Str: 15    XL:     3   Next: 73%
Magic:  3/3        EV: 12    Int:  9    God:
Gold:   60         SH:  0    Dex: 14    Spells: 2/2 levels left

rFire    . . .     SeeInvis .   a - +0 war axe
rCold    . . .     Faith    .   (no shield)
rNeg     . . .     Spirit   .   f - +3 scale mail
rPois    .         Reflect  .   (helmet restricted)
rElec    .         Harm     .   (no cloak)
rCorr    .         Rampage  .   (no gloves)
Will     .....                  (no boots)
Stlth    ..........             e - amulet of inaccuracy (curse)
HPRegen  0.14/turn              (no ring)
MPRegen  0.08/turn              (no ring)

@: berserking, very quick
A: horns 1, repulsion field 1
a: no special abilities


You were on level 2 of the Dungeon.
You visited 1 branch of the dungeon, and saw 2 of its levels.

You collected 60 gold pieces.

Inventory:

Hand Weapons
 a - a +0 war axe (weapon)
Missiles
 d - 3 throwing nets (quivered)
Armour
 f - a +3 scale mail (worn)
Jewellery
 e - a cursed amulet of inaccuracy (around neck)
Scrolls
 g - a scroll of noise {unknown}
 i - a scroll of enchant armour {unknown}
Potions
 c - a potion of resistance {unknown}
 h - a potion of brilliance {unknown}


   Skills:
 * Level 2.8 Fighting
 * Level 3.3 Axes
 - Level 1.7 Throwing
 + Level 1.0 Armour
 + Level 3.0 Dodging


You had 2 spell levels left.
You didn't know any spells.
Your spell library was empty.

Dungeon Overview and Level Annotations

Branches:
Dungeon (2/15)

Altars:

Annotations:
D:2 Jessica


Innate Abilities, Weirdness & Mutations

You have a pair of small horns on your head.
You are surrounded by a mild repulsion field. (EV +2)


Message History

Jessica blinks!
The hobgoblin hits you but does no damage.
Jessica barely misses you.
You barely miss the hobgoblin. You headbutt the hobgoblin.
You kill the hobgoblin!
You closely miss Jessica. Jessica closely misses you.
You closely miss Jessica. You slash the giant cockroach!
You kill the giant cockroach!
Jessica hits you.
* * * LOW HITPOINT WARNING * * *
You slash Jessica!
Jessica is almost dead.
Jessica closely misses you. Jessica casts a spell at you.
You resist with some effort.
You miss Jessica. Your headbutt misses Jessica.
Jessica is almost dead.
Jessica points at you and mumbles some strange words.
Pain shoots through your body!
You die...

.#........).........# .#
..........†$.....#.......
#......[............####
###..................#
#....(..@#......>....#
###B..@...........#
#.####.........)
#.####.........
#.†@@.........
######.....>.. ........)
.......


You could see Jessica (fast).

Vanquished Creatures
  2 adders (D:2)
  A worm (D:2)
  A dart slug (D:1)
  A bat (D:1)
  3 giant cockroaches
  5 goblins
  5 hobgoblins
  6 kobolds
  3 frilled lizards
  6 rats
33 creatures vanquished.

Notes
Turn   | Place    | Note
-------+----------+-------------------------------------------
     0 | D:1      | littlecub the Demonspawn Gladiator began the quest for the
                  | Orb.
     0 | D:1      | Reached XP level 1. HP: 16/16 MP: 1/1
   324 | D:1      | Gained mutation: You have a pair of small horns on your
                  | head. [demonic ancestry]
   324 | D:1      | Reached XP level 2. HP: 18/22 MP: 2/2
  1020 | D:2      | Gained mutation: You are surrounded by a mild repulsion
                  | field. (EV +2) [demonic ancestry]
  1020 | D:2      | Reached XP level 3. HP: 28/28 MP: 3/3
  1048 | D:2      | Reached skill level 1 in Armour
  1155 | D:2      | Noticed Jessica
  1180 | D:2      | HP: 1/42 [Jessica (4)]
  1182 | D:2      | Killed from afar by Jessica

Illustrated notes

Levels and vault maps discovered:
D:1:      matt_arrival_refuge, layout_loops_ring
D:2:      layout_rooms, chequers_ecumenical_altar_simple,
          minmay_worlds_worst_comb, uniq_robin, uniq_jessica

Skill      XL: |  1  2  3 |
---------------+----------+-----
Axes           | 3 |  3.3
Dodging        | 3 |  3.0
Armour         | 1 |  1.0
Fighting       | |  2.8
Throwing       | |  1.7

Action                   || total
-------------------------++-------
Melee: War axe           ||    92
       Headbutt          ||    12
  Use: Potion            ||     1
Armor: Leather armour    ||     7
       Scale mail        ||    31
Dodge: Dodged            ||    73
